 Dungeon Crawl Stone Soup version 0.31-a0-731-ga75f04deac (webtiles) character file.

Game seed: 11258974654593309854

394 blinkylib the Chopper (level 6, -7/53 HPs)
             Began as a Hill Orc Fighter on Sept 12, 2023.
             Was an Initiate of Qazlal.
             Mangled by an ogre
             ... wielding a +0 giant club
              (17 damage)
             ... on level 4 of the Dungeon.
             The game lasted 00:07:18 (2356 turns).

blinkylib the Chopper (Hill Orc Fighter)            Turns: 2356, Time: 00:07:19

Health: -7/53      AC: 14    Str: 21    XL:     6   Next: 81%
Magic:  6/6        EV:  6    Int:  8    God:    Qazlal [......]
Gold:   141        SH:  4    Dex: 10    Spells: 5/5 levels left

rFire   . . .        a - +0 war axe
rCold   . . .        c - +0 buckler
rNeg    . . .        q - +0 plate armour
rPois   .            (no helmet)
rElec   .            p - +0 cloak
rCorr   .            o - +0 pair of gloves
SInv    +            (no boots)
Will    .....        (no amulet) Stlth
                     e - ring of see invisible
HPRegen 0.28/turn    (no ring)
MPRegen 0.10/turn

%: no passive effects
@: no status effects
A: no striking features
a: Renounce Religion


You were on level 4 of the Dungeon.
You worshipped Qazlal.
Qazlal was noncommittal.
You visited 2 branches of the dungeon, and saw 5 of its levels.

You collected 141 gold pieces.

Inventory:

Hand Weapons
 a - a +0 war axe (weapon)
Missiles
 i - 11 poisoned darts
Armour
 b - a +0 scale mail
 c - a +0 buckler (worn)
 o - a +0 pair of gloves (worn)
 p - a +0 cloak (worn)
 q - a +0 plate armour (worn)
Jewellery
 e - a ring of see invisible (left hand)
 f - a ring of positive energy
 g - a ring of protection from cold
 m - a ring of magical power
 n - a +6 ring of intelligence
Wands
 k - a wand of iceblast (3)
Scrolls
 r - a scroll of amnesia
Potions
 d - a potion of might
 h - a potion of haste {unknown}
 j - a potion of curing
 l - a potion of heal wounds {unknown}


   Skills:
 * Level 4.4 Fighting
 * Level 6.5(6.9) Axes
 * Level 2.7(4.4) Polearms
 + Level 4.2 Armour
 + Level 0.7 Dodging
 * Level 4.0 Shields


You had 5 spell levels left.
You didn't know any spells.
Your spell library contained the following spells:

 Spells                   Type           Power      Damage    Failure   Level
 Sandblast                Erth           0%         2d4       100%        1
 Lesser Beckoning         Tloc           0%         N/A       100%        2
 Passwall                 Tmut/Erth      0%         N/A       100%        2
 Gell's Gravitas          Tloc           0%         N/A       100%        3
 Stone Arrow              Conj/Erth      0%         3d7       100%        3
 Teleport Other           Tloc           0%         N/A       100%        3


Dungeon Overview and Level Annotations

Branches:
Dungeon (4/15)             Temple (1/1) D:4

Altars:
Ashenzari
Cheibriados
Dithmenos
Elyvilon
Fedhas
Kikubaaqudgha
Makhleb
Nemelex Xobeh
Okawaru
Qazlal
Sif Muna
Wu Jian
Xom
Yredelemnul
The Shining One

Shops:
D:1 ?


Message History

The ufetubus barely misses you. You block the ufetubus's attack.
The ufetubus barely misses you.
The ufetubus hits you but does no damage.
You closely miss the ufetubus.
The ufetubus is moderately wounded.
You block the ufetubus's attack.
The ufetubus hits you but does no damage.
The ufetubus barely misses you. The ufetubus hits you.
You hit the ufetubus.
You kill the ufetubus!
Qazlal accepts your kill. The kobold hits you with a +0 whip.
You slash the kobold!
You kill the kobold!
Qazlal accepts your kill.
You now have 141 gold pieces (gained 7).
Things that are here:
a +0 whip; a kobold corpse An ogre comes into view.
It is wielding a +0 giant club.
The ogre shouts!
Things that are here:
a +0 whip; a kobold corpse
Things that are here:
a +0 whip; a kobold corpse
Things that are here:
a +0 club; a goblin corpse The ogre hits you with a +0 giant club!
Things that are here:
a +0 club; a goblin corpse You hit the ogre but do no damage.
The ogre hits you with a +0 giant club!
You hit the ogre.
The ogre is lightly wounded.
The ogre hits you with a +0 giant club!!
* * * LOW HITPOINT WARNING * * *
You closely miss the ogre.
The ogre is lightly wounded.
You completely miss the ogre.
The ogre is lightly wounded.
The ogre hits you with a +0 giant club!
You die...

#.##.....).##.#'#.###
#. #........'.#>#.'.#
# .##...#####.###.#.#
........# #.....#.#
.#.......#####'###.#
...........#(†....# .
#.>.............##
..#............####
.........@...####
##....O.......#
#.....#....#.#
#.....####### #
#.....# #....###
#..#.. ...... . ...


You could see an ogre.

Vanquished Creatures
  Grinder (D:4)
  A scorpion (D:4)
  A hound (D:3)
  2 orc wizards (D:3)
  An ufetubus (D:4)
  A dart slug (D:1)
  5 orcs (D:3)
  3 ball pythons
  2 bats (D:2)
  6 endoplasms
  3 giant cockroaches
  4 goblins
  2 jackals (D:3)
  7 kobolds
  2 quokkas
  3 frilled lizards
  3 rats
47 creatures vanquished.

Notes
Turn   | Place    | Note
-------+----------+-------------------------------------------
     0 | D:1      | blinkylib the Hill Orc Fighter began the quest for the Orb.
     0 | D:1      | Reached XP level 1. HP: 19/19 MP: 1/1
   480 | D:1      | Found Xiladd's Magic Scroll Shop.
   484 | D:1      | Reached XP level 2. HP: 27/27 MP: 2/2
  1002 | D:2      | Reached skill level 3 in Axes
  1013 | D:2      | Found a basalt altar of Yredelemnul.
  1132 | D:2      | Reached skill level 1 in Polearms
  1528 | D:3      | Reached XP level 3. HP: 33/33 MP: 3/3
  1555 | D:3      | Identified the +0 ring mail of the Bulwark {rPois Stlth+}
  1603 | D:3      | Reached XP level 4. HP: 32/40 MP: 4/4
  1893 | D:3      | Found a broken altar of Ashenzari.
  1894 | D:3      | Found an iron altar of Okawaru.
  1933 | D:3      | Reached skill level 4 in Axes
  1939 | D:3      | Reached XP level 5. HP: 21/46 MP: 5/5
  2114 | D:4      | Noticed Grinder
  2120 | D:4      | Paralysed by Grinder for 4 turns
  2135 | D:4      | Paralysed by Grinder for 2 turns
  2138 | D:4      | Killed Grinder
  2139 | D:4      | Reached skill level 6 in Axes
  2139 | D:4      | Reached XP level 6. HP: 28/53 MP: 6/6
  2234 | D:4      | Found a staircase to the Ecumenical Temple.
  2257 | Temple   | Entered the Ecumenical Temple
  2285 | Temple   | Became a worshipper of Qazlal Stormbringer
  2356 | D:4      | Mangled by an ogre

Illustrated notes

Levels and vault maps discovered:
D:1:      lightli_arrival_quake, layout_basic, serial_shops, shop
D:2:      layout_loops_ring, basic_altar, minmay_liquid_box
D:3:      layout_rooms, mainiacjoe_overflow_divided_tiny, grunt_decor_one_mirror
D:4:      cheibrodos_thug_alley, layout_cave_pools, vehumet_statue,
          chequers_temple_overflow_statue_of_worship,
          minmay_temple_entry_glassed_door, serial_column_ruins,
          column_ruins_grid_4, column_ruins_grid_3, column_ruins_open_small,
          column_ruins_open_tiny, minmay_misc_feat_cross,
          lexackson_kobold_supper, uniq_grinder
Temple:   nicolae_temple_bog_church

Skill      XL: |  1  2  3  4  5 |
---------------+----------------+-----
Axes           | 3 4 6 |  6.5
Polearms       | 1 2 |  2.7
Fighting       | 4 |  4.4
Armour         | 4 |  4.2
Shields        | 4 |  4.0
Dodging        | |  0.7

Action                     |  1- 3 |  4- 6 || total
---------------------------+-------+-------++-------
  Melee: War axe           |   113 |    71 ||   184
    Use: Scroll            |     4 |       ||     4
 Armour: Scale mail        |    86 |     6 ||    92
         Plate armour      |       |    53 ||    53
  Dodge: Dodged            |    56 |    27 ||    83
  Block: Buckler           |    27 |    16 ||    43

Table legend: (Time is in decaauts)
 A = Elapsed time spent in this place.
 B = Non-inter-level travel time spent in this place.
 C = Inter-level travel time spent in this place.
 D = Time resting spent in this place.
 E = Time spent auto-exploring this place.
 F = Levels seen in this place.
 G = Mean time per level.
                   A        B        C        D        E       F      G
               +--------+--------+--------+--------+--------+-----+--------+
         Total |   2418 |   2296 |    122 |      2 |   1688 |   5 |  483.6 |
       Dungeon |   2366 |   2293 |     73 |      2 |   1688 |   4 |  591.5 |
        Temple |     51 |      2 |     49 |      0 |      0 |   1 |   51.0 |
               +--------+--------+--------+--------+--------+-----+--------+

Top non-repeatable levels by time:
     D:2: 828 daAuts
     D:3: 719 daAuts
     D:1: 620 daAuts
     D:4: 197 daAuts
  Temple: 51 daAuts
